 Dungeon Crawl Stone Soup version 0.22-a0-866-geee5034 (webtiles) character file.

36 Amnesiac the Digger (level 3, -6/24 HPs)
             Began as a Mummy Earth Elementalist on July 28, 2018.
             Mangled by a worker ant (7 damage)
             ... on level 3 of the Dungeon.
             The game lasted 00:02:57 (959 turns).

Amnesiac the Digger (Mummy Earth Elementalist)       Turns: 959, Time: 00:02:58

Health: -6/24      AC:  2    Str: 11    XL:     3   Next: 19%
Magic:  0/7        EV: 12    Int: 15    God:
Gold:   10         SH:  0    Dex: 12    Spells: 2/8 levels left

rFire    x . .     SeeInvis .   a - +0 dagger
rCold    + . .     Gourm    .   (no shield)
rNeg     + + +     Faith    .   c - +0 robe
rPois    ∞         Spirit   .   (no helmet)
rElec    .         Reflect  .   (no cloak)
rCorr    .         Harm     .   (no gloves)
MR       .....                  (no boots)
Stlth    ++........             (no amulet)
HPRegen  0.08/turn              (no ring)
MPRegen  0.10/turn              (no ring)

@: no status effects
A: no food or potions, fire vulnerability, cold resistance 1, negative energy
resistance 3, torment resistance, unbreathing
a: no special abilities


You were on level 3 of the Dungeon.
You were not hungry.

You visited 1 branch of the dungeon, and saw 4 of its levels.

You collected 10 gold pieces.

Inventory:

Hand Weapons
 a - a +0 dagger (weapon)
 e - a cursed +0 hunting sling
Missiles
 b - 44 stones (quivered)
Armour
 c - a +0 robe (worn)
Scrolls
 d - a scroll of immolation {!r, unknown}
 f - a scroll of enchant armour {!r, unknown}
 g - a scroll of remove curse {!r}


   Skills:
 - Level 1.5 Dodging
 - Level 1.5 Stealth
 + Level 3.3 Spellcasting
 - Level 0.7 Transmutations
 * Level 3.3 Earth Magic


You had 2 spell levels left.
You knew the following spells:

 Your Spells              Type           Power        Failure   Level  Hunger
a - Sandblast             Erth           ##....       4%          1    N/A
b - Passwall              Tmut/Erth      #.......     13%         2    N/A
c - Stone Arrow           Conj/Erth      #.....       30%         3    N/A

Your spell library contained the following spells:

 Spells                   Type           Power        Failure   Level  Hunger
 Lee's Rapid Deconstruct  Erth           ##........   80%         5    N/A
 Petrify                  Tmut/Erth      #.......     63%         4    N/A

Dungeon Overview and Level Annotations

Branches:
Dungeon (4/15)
 Temple: D:4-7

Altars:


Innate Abilities, Weirdness & Mutations

You do not eat or drink.
Your flesh is vulnerable to fire.
You are immune to poison.
Your flesh is cold resistant. (rC+)
You are immune to negative energy. (rN+++)
You are immune to unholy pain and torment.
You can survive without breathing.


Message History

Casting: Sandblast (safe; 4% risk of failure)
Confirm with . or Enter, or press ? or * to list all spells.
Aiming: Sandblast (safe; 4% risk of failure)
Press: ? - help, Shift-Dir - straight line, f/p - worker ant
Aim: a worker ant (heavily wounded)
The blast of sand hits the worker ant.
The worker ant is heavily wounded.
b - 48 stones The worker ant bites you.
Casting: Sandblast (safe; 4% risk of failure)
Confirm with . or Enter, or press ? or * to list all spells.
Aiming: Sandblast (safe; 4% risk of failure)
Press: ? - help, Shift-Dir - straight line, f/p - worker ant
Aim: a worker ant (heavily wounded)
The blast of sand hits the worker ant.
The worker ant is severely wounded.
b - 47 stones The worker ant bites you.
Casting: Sandblast (safe; 4% risk of failure)
Confirm with . or Enter, or press ? or * to list all spells.
Aiming: Sandblast (safe; 4% risk of failure)
Press: ? - help, Shift-Dir - straight line, f/p - worker ant
Aim: a worker ant (severely wounded)
The blast of sand hits the worker ant.
The worker ant is severely wounded.
b - 46 stones The worker ant barely misses you.
There is a stone staircase leading up here.
The worker ant barely misses you.
You climb upwards.
There is a stone staircase leading down here.
The worker ant bites you.
* * * LOW HITPOINT WARNING * * *
Found a ration.
You aren't carrying any items that you can evoke.
Casting: Sandblast (safe; 4% risk of failure)
Confirm with . or Enter, or press ? or * to list all spells.
Aiming: Sandblast (safe; 4% risk of failure)
Press: ? - help, Shift-Dir - straight line, f - worker ant
Aim: a worker ant (severely wounded)
The blast of sand hits the worker ant.
The worker ant is severely wounded.
b - 45 stones The worker ant misses you.
The worker ant closely misses you. The worker ant bites you.
* * * LOW HITPOINT WARNING * * *
Casting: Sandblast (safe; 4% risk of failure)
Confirm with . or Enter, or press ? or * to list all spells.
Aiming: Sandblast (safe; 4% risk of failure)
Press: ? - help, Shift-Dir - straight line, f/p - worker ant
Aim: a worker ant (heavily wounded)
The blast of sand hits the worker ant.
The worker ant is heavily wounded.
b - 44 stones The worker ant bites you.
* * * LOW HITPOINT WARNING * * *
Unknown command.
Really read
h - a scroll labeled IRILAH HALE {!r}?
As you read the scroll labeled IRILAH HALE {!r}, it crumbles to dust.
It is a scroll of identify.
g - a scroll of remove curse {!r} The worker ant closely misses you.
The worker ant bites you!
You die...

#......##+#.#.#....#
#......##.#...#....#
###......##.#...#....#
................#....#
................#....#
#........#...#.......#
#....................#
###.###.###.a##......#
.. #.....#.>@...<÷..#
###.#.....#.###.###..#
.<........÷...%......#
###.#..>..#..##...##.#
#.#.....#..##....... .
###.###..##..%.#.## .
.... ..###....# #
..... .## ....#
####....


You could see a worker ant.

Vanquished Creatures
  2 adders
  A leopard gecko (D:4)
  4 bats
  3 goblins (D:1)
  2 hobgoblins (D:1)
  A frilled lizard (D:3)
  3 kobolds (D:1)
  3 rats
19 creatures vanquished.

Notes
Turn   | Place    | Note
-------+----------+-------------------------------------------
     0 | D:1      | Amnesiac the Mummy Earth Elementalist began the quest for the Orb.
     0 | D:1      | Reached XP level 1. HP: 13/13 MP: 4/4
   295 | D:1      | Reached XP level 2. HP: 8/19 MP: 0/5
   578 | D:1      | Learned a level 2 spell: Passwall
   655 | D:1      | You fall through a shaft!
   892 | D:4      | Reached XP level 3. HP: 24/24 MP: 5/7
   936 | D:4      | Learned a level 3 spell: Stone Arrow
   956 | D:3      | HP: 1/24 [worker ant (5)]
   959 | D:3      | Mangled by a worker ant

Vault maps used:
D:1:      wheals_arrival_linesprint
D:2:      nicolae_overflow_hidden_temple, chequers_ecumenical_altar_simple,
          first_ration
D:3:      minmay_door_path, elyvilon_altar_5, amethyst_overflow_temple_binary,
          st_stairs_3, minmay_box_of_dots
D:4:      cheibrodos_quashed, minmay_temple_entry_fiery, uniq_blork_the_orc

Skill      XL: |  1  2 |
---------------+-------+-----
Spellcasting   | 3 |  3.3
Earth Magic    | 3 |  3.3
Dodging        | |  1.5
Stealth        | |  1.5
Transmutations | |  0.7

Action                   || total
-------------------------++-------
Melee: Dagger            ||    35
       Unarmed           ||     5
 Cast: Sandblast         ||    23
       Stone Arrow       ||     1
  Use: Scroll            ||     1
 Stab: Sleeping          ||     1
Armor: Robe              ||     5
Dodge: Dodged            ||    35

Table legend:
 A = Spawn XP
 B = Non-spawn XP
 C = Spawn XP percentage of total XP
 D = Spawn monster count
 E = Non-spawn monster count
 F = Spawn count percentage of total count
 G = Total turns spent on level
                    A         B        C        D         E        F      G
               +---------+---------+-------+---------+---------+-------+---------
         Total |       0 |      52 |   0.0 |       0 |      19 |   0.0 |   959
               +---------+---------+-------+---------+---------+-------+---------
           D:1 |       0 |      20 |   0.0 |       0 |      13 |   0.0 |   655
           D:3 |       0 |      16 |   0.0 |       0 |       4 |   0.0 |   105
           D:4 |       0 |      16 |   0.0 |       0 |       2 |   0.0 |   190
               +---------+---------+-------+---------+---------+-------+---------
